[Event "*** SCC Grand Prix: Titled Tuesday Blitz"]
[Site "Chess.com"]
[Date "2020.06.02"]
[Round "3"]
[White "Tormoz"]
[Black "SergeyKarjakin"]
[Result "0-1"]
[WhiteElo "2658"]
[BlackElo "2936"]
[TimeControl "180+1"]
[EndTime "10:28:32 PDT"]
[Termination "SergeyKarjakin won by resignation"]

1. d4 Nf6 2. Nf3 d6 3. g3 g6 4. Bg2 Bg7 5. O-O O-O 6. c4 Nc6 7. Nc3 a6 8. d5 Na5 9. b3 c5 10. dxc6 Nxc6 11. Bb2 Qa5 12. Qd2 Ne4 13. Nxe4 Qxd2 14.
Nfxd2 Bxb2 15. Rab1 Bg7 16. Rfc1 Rd8 17. Nc3 Bf5 18. Be4 Bd7 19. Nd5 Rab8 20. Nb6 Be8 21. e3 Nb4 22. a3 Na2 23. Rc2 Nc3 24. Re1 Nxe4 25. Nxe4 Bc6 26. Nc3 Bf3 27. Rec1 e6 28. Rd2 Kf8 29. Ne2 g5 30. Nd4 Be4 31. h3 h5 32. g4 hxg4 33. hxg4 Ke7 34. Rc3 Rh8 35. f3 Bxf3 36. Rh2 Rxh2 37. Kxh2 Be5+ 38. Kg1 Rh8 39. Kf2 Bxg4 40. Rc1 Rh2+ 41. Kg1 Rb2 42. b4 Bh2+ 43. Kh1 Bg3 44. Rc2 Bf3+ 0-1

[Event "*** SCC Grand Prix: Titled Tuesday Blitz"]
[Site "Chess.com"]
[Date "2020.06.02"]
[Round "3"]
[White "platy3"]
[Black "letsgoband"]
[Result "1-0"]
[WhiteElo "2726"]
[BlackElo "2445"]
[TimeControl "180+1"]
[EndTime "10:28:32 PDT"]
[Termination "platy3 won by resignation"]

1. e4 e5 2. Nf3 Nc6 3. Bb5 a6 4.
Ba4 Nf6 5. O-O Be7 6. Re1 O-O 7. Bxc6 dxc6 8. Nxe5 c5 9. d3 Bd6 10. Nf3 Nd7 11. Bg5 Qe8 12. Nbd2 f6 13. Bh4 b5 14. Bg3 Bb7 15. a4 Kh8 16. axb5 axb5 17. Rxa8 Qxa8 18. Qa1 Bc6 19. Nb3 Ne5 20. Nxe5 fxe5 21. Qxa8 Rxa8 22.
Ra1 Rxa1+ 23. Nxa1 c4 24. f3 Kg8 25. Kf1 Kf7 26.
Ke2 Ke6 27. c3 cxd3+ 28. Kxd3 Bb7 29. b4 Ke7 30. Nc2 Bc8 31. Ne3 c6 32. Nf5+ Ke6 33. Nxg7+ Kf7 34. Nf5 Bc7 35. Ne3 h5 36. h4 Be6 37. c4 Kf6 38. Be1 Bb6 39. cxb5 Bxe3 40. Kxe3 cxb5 41. Bc3 Bc4 42. f4 Ke6 43. Bxe5 Bf1 44.
g3 Bh3 45. Bc3 Bg4 46. f5+ Kd6 47. Kf4 Bd1 48. e5+ Ke7 49. Bd4 Kf7 50. e6+ Ke7 51. Ke5 Bc2 52. Bc5+ Ke8 53. f6 1-0

[Event "*** SCC Grand Prix: Titled Tuesday Blitz"]
[Site "Chess.com"]
[Date "2020.06.02"]
[Round "3"]
[White "Ziachess74"]
[Black "Pudor"]
[Result "1-0"]
[WhiteElo "2600"]
[BlackElo "2389"]
[TimeControl "180+1"]
[EndTime "10:28:32 PDT"]
[Termination "Ziachess74 won by resignation"]

1. Nf3 d5 2. g3 c5 3. Bg2 Nf6 4. O-O e6 5. c4 d4 6. b3 Nc6 7. e3 Be7 8. exd4 cxd4 9. d3 O-O 10. Re1 Bb4 11. Bd2 a5 12. Ne5 Nxe5 13. Rxe5 Qe7 14.
Bxb4 Qxb4 15. Nd2 a4 16. Rb5 Qc3 17. Nf3 Bd7 18. Rc1 Qb2 19. Rc2 Qa3 20. Rxb7 Bc6 21. Rb6 Bxf3 22. Bxf3 Rab8 23. Rxb8 Rxb8 24. bxa4 Qxa4 25.
Kg2 g6 26. Rb2 Qe8 27. Rxb8 Qxb8 28. Qb3 Qa7 29. a4 Nd7 30. Qb7 Qxa4 31. Bc6 Nc5 32. Qc8+ 1-0

[Event "*** SCC Grand Prix: Titled Tuesday Blitz"]
[Site "Chess.com"]
[Date "2020.06.02"]
[Round "3"]
[White "doons21"]
[Black "tteshan"]
[Result "1-0"]
[WhiteElo "2485"]
[BlackElo "2222"]
[TimeControl "180+1"]
[EndTime "10:28:32 PDT"]
[Termination "doons21 won by resignation"]

1. e4 c5 2. c3 d5 3. exd5 Qxd5 4.
d4 Nf6 5. Nf3 e6 6. Bd3 cxd4 7.
cxd4 Bd7 8. O-O Bd6 9. Nc3 Qh5 10. Ne5 Qxd1 11. Rxd1 Bc6 12. Nb5 Bxb5 13. Bxb5+ Ke7 14. Bg5 h6 15. Bh4 g5 16. Bg3 Rd8 17. Rac1 a6 18. Be2 Nbd7 19. Nxf7 Bxg3 20. Nxd8 Bf4 21. Nxb7 Bxc1 22.
Rxc1 Ra7 23. Na5 Kf8 24. g3 Ra8 25. Bc4 Re8 26. Re1 Kf7 27. Nb7 Rb8 28. Bxe6+ Kg7 29. Na5 Nf8 30. Bb3 Rb6 31. Nc4 Rc6 32. Ne3 Rb6 33.
Nf5+ Kg6 34. Ne7+ Kg7 35. d5 Rd6 36. Nf5+ 1-0

[Event "*** SCC Grand Prix: Titled Tuesday Blitz"]
[Site "Chess.com"]
[Date "2020.06.02"]
[Round "3"]
[White "JonahWillow"]
[Black "AlexZambrano"]
[Result "1-0"]
[WhiteElo "2667"]
[BlackElo "2231"]
[TimeControl "180+1"]
[EndTime "10:28:32 PDT"]
[Termination "JonahWillow won on time"]

1. e4 d5 2. Nc3 dxe4 3. Nxe4 Nf6 4. Nxf6+ exf6 5. d4 Bd6 6. Bd3 O-O 7. Ne2 Bg4 8. c3 c5 9. d5 Re8 10. Be3 Bxe2 11.
Bxe2 Nd7 12. O-O Qc7 13. h3 Ne5 14. Qa4 b6 15. Rad1 Ng6 16. Bb5 Re7 17. Bc6 Rd8 18.
b4 Ne5 19. Bb5 cxb4 20. cxb4 Qc3 21. a3 Ng6 22. Bd4 Qc7 23. Rc1 Qb8 24. Rfe1 Nf4 25. Qb3 Rc8 26. Bc6 Rec7 27. Rcd1 1-0

[Event "*** SCC Grand Prix: Titled Tuesday Blitz"]
[Site "Chess.com"]
[Date "2020.06.02"]
[Round "3"]
[White "The_Machine04"]
[Black "DucksParadise"]
[Result "1-0"]
[WhiteElo "2302"]
[BlackElo "2051"]
[TimeControl "180+1"]
[EndTime "10:28:32 PDT"]
[Termination "The_Machine04 won by resignation"]

1. d4 Nf6 2. Bg5 e6 3. Nd2 d5 4. e3 Nbd7 5. f4 Be7 6. Bd3 b6 7. Ngf3 Bb7 8. Bxf6 Nxf6 9. Ne5 Ne4 10. Nxe4 dxe4 11.
Bb5+ Kf8 12. Qh5 g6 13. Qh6+ Kg8 14. Nc6 Qd6 15. Nxe7+ Qxe7 16. c3 f5 17. h4 Qg7 18.
Qxg7+ Kxg7 19. h5 Kf6 20. Kf2 g5 21. g3 Rhg8 22. Rag1 h6 23. a4 a5 24. Rc1 gxf4 25.
gxf4 Rg4 26. Be2 Rg7 27. Rhg1 Rag8 28. Rxg7 Rxg7 29. b4 axb4 30. cxb4 Bd5 31. a5 bxa5 32. bxa5 c6 33. a6 Ra7 34. Rb1 c5 35. dxc5 Ke7 36.
Rg1 1-0

[Event "*** SCC Grand Prix: Titled Tuesday Blitz"]
[Site "Chess.com"]
[Date "2020.06.02"]
[Round "3"]
[White "TudorAnton"]
[Black "KNVB"]
[Result "0-1"]
[WhiteElo "2419"]
[BlackElo "2687"]
[TimeControl "180+1"]
[EndTime "10:28:33 PDT"]
[Termination "KNVB won by resignation"]

1. d4 Nf6 2. c4 e6 3. Nc3 Bb4 4.
Nf3 c5 5. g3 cxd4 6. Nxd4 Qc7 7. Bg2 a6 8. O-O O-O 9. Bg5 Be7 10. Rc1 h6 11. Be3 d6 12. h3 Rd8 13. Nb3 Nbd7 14. Qd3 Ne5 15. Qb1 Nxc4 16. Bd4 Bd7 17. e4 Rac8 18.
f4 b5 19. Kh2 Bc6 20. Rce1 e5 21. Bg1 Qb7 22. Re2 a5 23. Rfe1 b4 24. Nd5 Nxd5 25. exd5 Bxd5 26. Bxd5 Qxd5 27. Rd1 Qb5 28. Nd4 exd4 29.
Rxe7 Ne3 30. Bxe3 Qe2+ 31. Kh1 Rc2 32. Qxc2 Qxc2 33. Rxd4 Qxb2 34. Rd2 Qc1+ 35. Kg2 Qc6+ 36. Kh2 Re8 37. Rxe8+ Qxe8 38. Bf2 Qe6 39. Kg1 0-1

[Event "*** SCC Grand Prix: Titled Tuesday Blitz"]
[Site "Chess.com"]
[Date "2020.06.02"]
[Round "3"]
[White "jerry_77"]
[Black "Reinaldovera"]
[Result "1-0"]
[WhiteElo "2489"]
[BlackElo "2243"]
[TimeControl "180+1"]
[EndTime "10:28:33 PDT"]
[Termination "jerry_77 won on time"]

1. e4 c5 2. Nf3 d6 3. d4 cxd4 4.
Nxd4 Nf6 5. Nc3 a6 6. Be3 e6 7. g4 h6 8. f3 b5 9. Qd2 Nbd7 10. O-O-O b4 11. Nce2 Ne5 12. Ng3 Qc7 13. h3 Rb8 14. Kb1 Nc4 15. Bxc4 Qxc4 16. Nb3 Be7 17. h4 Nd7 18. Bd4 Ne5 19. Qe3 a5 20. g5 a4 21.
Nd2 Qc6 22. f4 Ng4 23. Qf3 e5 24. fxe5 dxe5 25. Bf2 hxg5 26. hxg5 Rxh1 27. Rxh1 Bxg5 28. Rh8+ Ke7 29. Nf5+ Bxf5 30. Rxb8 Be6 31. Qe2 Bxd2 32. Qxd2 Kf6 33. Bh4+ 1-0

[Event "*** SCC Grand Prix: Titled Tuesday Blitz"]
[Site "Chess.com"]
[Date "2020.06.02"]
[Round "3"]
[White "EddieMarsalla"]
[Black "peixe64"]
[Result "1-0"]
[WhiteElo "2544"]
[BlackElo "2224"]
[TimeControl "180+1"]
[EndTime "10:28:33 PDT"]
[Termination "EddieMarsalla won on time"]

1. d4 Nf6 2. Bg5 Ne4 3. Bf4 d5 4. c3 e6 5. Nd2 Nf6 6. Ngf3 c5 7. e3 Bd6 8. Bg5 h6 9. Bh4 O-O 10. Bd3 Nc6 11. O-O b6 12. Qe2 Bb7 13. e4 dxe4 14. Nxe4 Be7 15. dxc5 Nd5 16. Bxe7 Ncxe7 17. Rad1 Nf4 18.
Qe3 Ned5 19. Qc1 Qc7 20. cxb6 axb6 21. Rfe1 Nxd3 22. Rxd3 Nf4 23. Rdd1 f5 24. Nd6 g5 25. Nxb7 Qxb7 26. Rd4 Rxa2 27. Rxf4 gxf4 28. Qxf4 Rfa8 29. Qxh6 Ra1 30. Qxe6+ Qf7 31. Qe3 Rxe1+ 32. Qxe1 Qa2 33. Qe2 Qb1+ 34. Ne1 Ra1 35. Kf1 Qe4 36. f3 Qxe2+ 37.
Kxe2 Rb1 38. Nd3 Kf7 39. b4 Ke6 40. h4 Kf6 41. g4 Rh1 42. h5 fxg4 43. fxg4 Kg5 44.
Kf3 Rh3+ 45. Ke4 Kxg4 46. Nf2+ 1-0

[Event "*** SCC Grand Prix: Titled Tuesday Blitz"]
[Site "Chess.com"]
[Date "2020.06.02"]
[Round "3"]
[White "JuliaEfremova"]
[Black "szachuspl"]
[Result "0-1"]
[WhiteElo "2219"]
[BlackElo "2518"]
[TimeControl "180+1"]
[EndTime "10:28:33 PDT"]
[Termination "szachuspl won by resignation"]

1. e4 c5 2. d4 cxd4 3. c3 d3 4.
Bxd3 Nc6 5. Nf3 d6 6. O-O Nf6 7. Re1 e5 8. Bg5 Be7 9. Bxf6 Bxf6 10. Bc4 O-O 11. h3 Be6 12. Qe2 Rc8 13. Bb3 Qb6 14. Nbd2 Na5 15. Bxe6 fxe6 16. Rab1 Rf7 17. c4 Nc6 18.
Qd3 Rd8 19. b3 a5 20. Nf1 Be7 21. Rbd1 Rdf8 22. N1h2 Nb4 23. Qe2 Na6 24. Qe3 Qb4 25. Qd2 Nc5 26. Qe3 Rf4 27. Qc1 a4 28. bxa4 Qxa4 29.
Qb1 Qxc4 30. Rc1 Qa4 31. Qb6 Rxe4 32. Rxe4 Qxe4 33. Re1 Qc6 34. Qb1 Qa6 35. Qc2 Qd3 36. Qb2 e4 37. Re3 Qd1+ 38. Ne1 Bf6 39. Qe2 Qxe2 40.
Rxe2 Bd4 41. Ng4 h5 42. Ne3 d5 43. N1c2 Bf6 44. Nb4 Ra8 45. g4 h4 46. Kg2 Ra4 47.
Nec2 Nd3 48. a3 Nf4+ 49. Kf1 Nxe2 50. Kxe2 Be7 0-1

[Event "*** SCC Grand Prix: Titled Tuesday Blitz"]
[Site "Chess.com"]
[Date "2020.06.02"]
[Round "3"]
[White "chessdude"]
[Black "Berant"]
[Result "1-0"]
[WhiteElo "2618"]
[BlackElo "2316"]
[TimeControl "180+1"]
[EndTime "10:28:34 PDT"]
[Termination "chessdude won by resignation"]

1. e4 c5 2. Nf3 Nc6 3. Bb5 g6 4. Bxc6 dxc6 5. d3 Bg7 6. h3 Nf6 7. Nc3 Nd7 8. Be3 e5 9. Qd2 h6 10. O-O Qe7 11. Nh2 g5 12. Ne2 Nf8 13. Ng3 Ng6 14.
Nf5 Bxf5 15. exf5 Nf4 16. Rfe1 O-O-O 17. Bxf4 gxf4 18. Qxf4 Qf6 19. Qf3 h5 20. Nf1 Bh6 21. Ng3 Bf4 22. Nxh5 Qg5 23. Nxf4 exf4 24. Re4 Rdg8 25.
Rxf4 Rxh3 26. Qxh3 Qxf4 27. Re1 Kd7 28. f6+ Rg4 29. f3 Qd4+ 30. Kh1 Qxf6 31. Qxg4+ Kc7 32. c3 Kb6 33. Qe4 Qh6+ 34. Kg1 Qd2 35. Qe2 Qf4 36. a3 Qg3 37. Qf2 Qg6 38. b4 a6 39. Qxc5+ 1-0

[Event "*** SCC Grand Prix: Titled Tuesday Blitz"]
[Site "Chess.com"]
[Date "2020.06.02"]
[Round "3"]
[White "bulletteemo"]
[Black "ErikRonka"]
[Result "0-1"]
[WhiteElo "2562"]
[BlackElo "2396"]
[TimeControl "180+1"]
[EndTime "10:28:34 PDT"]
[Termination "ErikRonka won by resignation"]

1. e4 c6 2. Nf3 d5 3. Nc3 Nf6 4.
e5 Ne4 5. Nb1 Bg4 6. d3 Nc5 7. Be2 e6 8. O-O Be7 9. b4 Ncd7 10. Qe1 a5 11. c3 O-O 12. Bb2 Qc7 13. d4 axb4 14. cxb4 b5 15. Nbd2 Nb6 16. Nb3 Nc4 17.
Bc3 Nd7 18. Nfd2 Bxe2 19. Qxe2 Ra4 20. Nc5 Bxc5 21. bxc5 Rfa8 22. Nb3 Qa7 23. Qd3 g6 24.
h4 Nf8 25. h5 b4 26. Bd2 Nxd2 27. Nxd2 Rxa2 28. Rxa2 Qxa2 29. h6 Ra3 30. Qe2 Nd7 31. Nb1 Qxe2 32. Nxa3 bxa3 33. Ra1 Qb2 0-1

[Event "*** SCC Grand Prix: Titled Tuesday Blitz"]
[Site "Chess.com"]
[Date "2020.06.02"]
[Round "3"]
[White "amelia91"]
[Black "TigranMukhutdinov"]
[Result "0-1"]
[WhiteElo "1959"]
[BlackElo "2455"]
[TimeControl "180+1"]
[EndTime "10:28:34 PDT"]
[Termination "TigranMukhutdinov won by resignation"]

1. d4 Nf6 2. Nf3 g6 3. e3 Bg7 4. c4 O-O 5. Nc3 d5 6. Be2 dxc4 7. Bxc4 c5 8. h3 cxd4 9. Nxd4 e5 10. Nf3 Qxd1+ 11.
Kxd1 Nc6 12. Ke2 e4 13. Nd4 Ne5 14. Bb3 b6 15. Bd2 Ba6+ 16. Ke1 Nd3+ 17. Kf1 Nxb2+ 18. Kg1 Nc4 19. Be1 Rfc8 20. Kh2 Ne5 21. f4 exf3 22.
gxf3 Bc4 23. Ba4 a6 24. Bg3 Nh5 25. Rac1 Nxg3 26. Kxg3 Nd3 27. Rc2 Nc5 28. Bc6 Ra7 29. Nd5 Bxd4 30. exd4 Rxc6 31. Rxc4 Ne4+ 32. fxe4 Rxc4 33.
Rd1 b5 34. Kf4 Kg7 35. Ke5 Ra8 36. Nf6 Rc6 37. Nd5 Re8+ 38. Kf4 Rc2 39. a3 Rf2+ 40. Ke3 Rh2 41. Nf4 g5 42. Nh5+ Kg6 43. Ng3 Rxh3 44. Kf3 h5 45. Kg2 g4 46. d5 h4 47. Nf5 Rxe4 48. d6 Re2+ 49. Kf1 Rb2 50. Kg1 Rhh2 51. Ne3 Rhd2 52. d7 Rxd1+ 53. Nxd1 Rd2 0-1

[Event "*** SCC Grand Prix: Titled Tuesday Blitz"]
[Site "Chess.com"]
[Date "2020.06.02"]
[Round "3"]
[White "yobdc"]
[Black "GregShahade"]
[Result "1-0"]
[WhiteElo "2168"]
[BlackElo "2581"]
[TimeControl "180+1"]
[EndTime "10:28:35 PDT"]
[Termination "yobdc won by checkmate"]

1. e4 e5 2. Nf3 Nc6 3. Bb5 a6 4. Bxc6 dxc6 5. O-O Bd6 6. d4 exd4 7. Qxd4 f6 8. Be3 Ne7 9. Nbd2 Be6 10. Rfd1 Ng6 11. Nc4 Bxc4 12. Qxc4 Qe7 13. a4 O-O-O 14. b4 Rhe8 15.
b5 Ne5 16. Nxe5 Qxe5 17. bxa6 Qxh2+ 18. Kf1 Qh1+ 19. Ke2 Qh5+ 20. f3 bxa6 21. Qxc6 Qh2 22. Qxa6+ Kd7 23. Kf1 Qh1+ 24. Bg1 Ke7 25. Qc4 Kf8 26.
a5 Bh2 27. Qc5+ Kg8 28. a6 f5 29. Rxd8 Rxd8 30. a7 Ra8 31. Qd5+ Kf8 32. Qxa8+ Ke7 33. Qd8+ Kxd8 34. a8=Q+ Ke7 35. Qa3+ Bd6 36. Qe3 f4 37.
Qd4 Qh5 38. Qxg7+ Ke6 39. Rd1 Qb5+ 40. Ke1 Bb4+ 41. c3 Be7 42. Qg8+ Ke5 43. Rd5+ Kf6 44. Bd4# 1-0

[Event "*** SCC Grand Prix: Titled Tuesday Blitz"]
[Site "Chess.com"]
[Date "2020.06.02"]
[Round "3"]
[White "CarlssonLudvig"]
[Black "SHIVACalypso"]
[Result "1-0"]
[WhiteElo "2509"]
[BlackElo "2292"]
[TimeControl "180+1"]
[EndTime "10:28:35 PDT"]
[Termination "CarlssonLudvig won by resignation"]

1. e4 e6 2. d4 d5 3. Nc3 Nf6 4. e5 Nfd7 5. f4 c5 6. Nf3 Nc6 7. Be3 Be7 8. Qd2 O-O 9. dxc5 Qa5 10. O-O-O b6 11. Bb5 Nb4 12. a3 bxc5 13. Kb1 Rb8 14. Bxd7 Bxd7 15. axb4 Rxb4 16. Na2 c4 17. Bd4 Rfb8 18.
Bc3 Qa3 19. Bxb4 Bxb4 20. bxa3 Bxd2+ 21. Ka1 Bxf4 22. Rb1 Rc8 23. Rb7 Ba4 24. c3 Bc2 25. Rxa7 g5 26. h3 h5 27. g4 Be4 28. Rf1 hxg4 29.
hxg4 Rb8 30. Nb4 Kg7 31. Nd4 Rh8 32. Nxe6+ 1-0

[Event "*** SCC Grand Prix: Titled Tuesday Blitz"]
[Site "Chess.com"]
[Date "2020.06.02"]
[Round "3"]
[White "Ranindu2003"]
[Black "Roza_Idrisova"]
[Result "1-0"]
[WhiteElo "2469"]
[BlackElo "2176"]
[TimeControl "180+1"]
[EndTime "10:28:35 PDT"]
[Termination "Ranindu2003 won on time"]

1. e4 c6 2. d4 d5 3. e5 c5 4. dxc5 e6 5. Nf3 Bxc5 6. a3 Nc6 7.
b4 Bb6 8. Bd3 Nge7 9. O-O Ng6 10. Re1 Bc7 11. Bb2 a5 12. b5 Nb8 13. Nbd2 Bb6 14.
c4 O-O 15. cxd5 Nf4 16. Bf1 exd5 17. Nb3 Bf5 18. Qd2 Ne6 19. a4 Be4 20. Nfd4 Nd7 21. f3 Bg6 22. Kh1 Rc8 23. Rac1 Ndc5 24. Ba3 Re8 25.
Nxe6 Nxe6 26. Bd6 Qg5 27. Qxd5 Rxc1 28. Nxc1 1-0

[Event "*** SCC Grand Prix: Titled Tuesday Blitz"]
[Site "Chess.com"]
[Date "2020.06.02"]
[Round "3"]
[White "chargemax23"]
[Black "Eloist"]
[Result "1-0"]
[WhiteElo "2588"]
[BlackElo "2224"]
[TimeControl "180+1"]
[EndTime "10:28:35 PDT"]
[Termination "chargemax23 won by resignation"]

1. c4 e5 2. Nc3 Nf6 3. Nf3 Nc6 4. e4 Bb4 5. d3 d6 6. h3 Bc5 7. Be2 a6 8. O-O O-O 9. Bg5 h6 10. Bh4 g5 11. Nxg5 hxg5 12. Bxg5 Be6 13. Kh1 Kg7 14.
f4 Be3 15. Qe1 Bxf4 16. Rxf4 exf4 17. Qh4 Rh8 18. Qxf4 Nh5 19. Bxh5 f6 20. Bxf6+ Qxf6 21. Qg3+ Kh7 22. Nd5 Bxd5 23. cxd5 Rhg8 24. Bg4 Ne5 25. Bf5+ Kh6 26. Qe3+ Qg5 27. Qe2 Nxd3 28. Rg1 Nf4 29. Qc2 Rg7 30. Bg4 Ng6 31. Rf1 Rf8 32. Rg1 Ne5 33. Bf5 Qg3 34. Rf1 Rff7 35. Qd2+ Qg5 36.
Rf4 Rg8 37. Rh4+ Kg7 38. Qxg5+ 1-0

[Event "*** SCC Grand Prix: Titled Tuesday Blitz"]
[Site "Chess.com"]
[Date "2020.06.02"]
[Round "3"]
[White "x-3738459472"]
[Black "kintoho"]
[Result "0-1"]
[WhiteElo "2516"]
[BlackElo "2354"]
[TimeControl "180+1"]
[EndTime "10:28:36 PDT"]
[Termination "kintoho won by resignation"]

1. e4 c6 2. Nf3 d5 3. Nc3 dxe4 4. Nxe4 Nf6 5. Qe2 e6 6. d4 Be7 7. Bf4 Qa5+ 8. c3 O-O 9. Ne5 Nbd7 10. Nc4 Qf5 11.
Nxf6+ Nxf6 12. Bg3 Ne4 13. Ne3 Qa5 14. Qc2 Nxg3 15.
hxg3 h6 16. Bd3 e5 17. Nc4 Qd5 18. Nxe5 Qxg2 19. Be4 Bf5 20. Bxg2 Bxc2 21. O-O Rad8 22. Rfe1 Rfe8 23. a4 Bf6 24. f4 Bb3 25. a5 a6 26. Kf2 Bd5 27. Bxd5 Rxd5 28. Nc4 Rxe1 29. Rxe1 Kf8 30. b4 h5 31. Kf3 g6 32. Nb6 Rd8 33.
Na4 Be7 34. Nb2 Bd6 35. Nd3 Re8 36. Ne5 Bxe5 37. fxe5 Ke7 38. Ke4 f6 39. Rf1 fxe5 40.
Kxe5 Kd7+ 41. Kf6 Re3 42. Kxg6 Rxg3+ 43. Kxh5 Rxc3 44. Rf7+ Kc8 45. Rf8+ Kc7 46. Rf7+ Kb8 47. Kg5 Rc4 48. Rd7 Kc8 49. Rh7 Rxd4 50. Kf5 Rxb4 51.
Ke6 Rb5 52. Rh8+ Kc7 53. Rh7+ Kb8 54. Rh8+ Ka7 55. Kd7 Rxa5 56. Kc7 Rb5 57. Rh4 a5 58. Ra4 Ka6 59. Rh4 Rb4 60. Rh8 Kb5 61. Kxb7 c5 62.
Kc7 a4 63. Kd6 Rd4+ 64. Ke5 a3 65. Rb8+ Kc4 66. Ra8 Kb3 67. Rc8 a2 68. Rxc5 a1=Q 0-1

[Event "*** SCC Grand Prix: Titled Tuesday Blitz"]
[Site "Chess.com"]
[Date "2020.06.02"]
[Round "3"]
[White "Tsyhanchuk_Stanislav"]
[Black "MalcolmPein"]
[Result "0-1"]
[WhiteElo "2442"]
[BlackElo "2223"]
[TimeControl "180+1"]
[EndTime "10:28:36 PDT"]
[Termination "MalcolmPein won by checkmate"]

1. e4 d6 2. d4 Nf6 3. Nc3 g6 4. f4 Bg7 5. Nf3 O-O 6. e5 Nfd7 7. h4 c5 8. e6 fxe6 9. h5 cxd4 10. Nxd4 Nf6 11. hxg6 Nc6 12. gxh7+ Kh8 13. Be3 e5 14. Nxc6 bxc6 15. fxe5 Ng4 16. Bd4 c5 17. Bg1 Bxe5 18. Qd5 Bg3+ 19. Kd2 Bf4+ 20. Ke1 Bg3+ 21. Kd2 e6 22. Qxa8 Qg5+ 23. Kd3 Ba6+ 24. Nb5 Bxb5+ 25. c4 Bxc4+ 26. Kxc4 Qf4+ 27. Kb3 Rxa8 28. a3 Rb8+ 29. Ka2 Qd2 30. Rb1 Be5 31. Bb5 Rxb5 32. Be3 Rxb2+ 33. Rxb2 Qxb2# 0-1

[Event "*** SCC Grand Prix: Titled Tuesday Blitz"]
[Site "Chess.com"]
[Date "2020.06.02"]
[Round "3"]
[White "BocharovD"]
[Black "bait_or_mate"]
[Result "1-0"]
[WhiteElo "2771"]
[BlackElo "2542"]
[TimeControl "180+1"]
[EndTime "10:28:37 PDT"]
[Termination "BocharovD won on time"]

1. d4 Nf6 2. c4 e6 3. g3 d5 4.
Nf3 Bb4+ 5. Bd2 Bd6 6. Nc3 Nc6 7.
cxd5 exd5 8. Bg2 O-O 9. O-O h6 10. Nb5 Be7 11. Bf4 Ne8 12. Rc1 a6 13. Nc3 Be6 14.
Na4 Bd6 15. Nc5 Bxc5 16. Rxc5 Nd6 17. Qb3 Rb8 18. Rfc1 Ne4 19. R5c2 Re8 20. Qa4 Bg4 21. Ne5 Bd7 22. Nxc6 Bxc6 23. Qa3 Qd7 24. h4 Nf6 25. Be5 Ng4 26. Bh3 f5 27. Bf4 Nf6 28. Qd3 g6 29.
Bxh6 Ne4 30. Bf4 Re7 31. Rxc6 bxc6 32. Qxa6 Rxb2 33. Rxc6 Rb1+ 34. Kg2 1-0

[Event "*** SCC Grand Prix: Titled Tuesday Blitz"]
[Site "Chess.com"]
[Date "2020.06.02"]
[Round "3"]
[White "Titus369"]
[Black "bazar-wokzal"]
[Result "1/2-1/2"]
[WhiteElo "2585"]
[BlackElo "2395"]
[TimeControl "180+1"]
[EndTime "10:28:37 PDT"]
[Termination "Game drawn by repetition"]

1. e4 Nc6 2. d4 d5 3. e5 h5 4. h3 Bf5 5. c3 e6 6. Nf3 f6 7. Bb5 Ne7 8. Bf4 a6 9. Bd3 Qd7 10. Bxf5 Nxf5 11. Nbd2 O-O-O 12. Nb3 g5 13. Bh2 g4 14. Nfd2 g3 15. Bxg3 Nxg3 16. fxg3 fxe5 17. dxe5 Nxe5 18. Qe2 Bd6 19. O-O-O Rdg8 20. Qe3 Kb8 21.
Rhf1 Nc4 22. Nxc4 dxc4 23. Nd2 Rxg3 24. Qe2 b5 25. Ne4 Rg6 26. Qf3 Qc6 27. Nxd6 Qxf3 28. Rxf3 cxd6 29. Rxd6 Rxg2 30. Rxe6 Rd8 31. Re7 Rg1+ 32.
Kc2 Rg2+ 33. Kc1 Rg1+ 34. Kc2 Rg2+ 35. Kc1 1/2-1/2

[Event "*** SCC Grand Prix: Titled Tuesday Blitz"]
[Site "Chess.com"]
[Date "2020.06.02"]
[Round "3"]
[White "lucachess49"]
[Black "imdarealist"]
[Result "0-1"]
[WhiteElo "2285"]
[BlackElo "2252"]
[TimeControl "180+1"]
[EndTime "10:28:37 PDT"]
[Termination "imdarealist won on time"]

1. d4 d5 2. c4 e6 3. Nc3 Nf6 4. cxd5 exd5 5. Bg5 c6 6. e3 Qb6 7. Qb3 Ne4 8. Qxb6 axb6 9. Nxe4 dxe4 10. Ne2 f5 11.
Nc3 Be6 12. a3 b5 13. d5 Bf7 14. dxc6 bxc6 15. Rd1 Nd7 16. Nxb5 cxb5 17. Bxb5 Be6 18. O-O Be7 19. Bf4 Bf6 20. Rd6 Ke7 21. Rfd1 Rhd8 22. R6d2 Ne5 23. a4 Bb3 24. Rxd8 Rxd8 25. Rxd8 Kxd8 26.
a5 Bc4 27. Ba4 Nd3 28. Bb8 Nxb2 29. Bc6 Bc3 0-1

[Event "*** SCC Grand Prix: Titled Tuesday Blitz"]
[Site "Chess.com"]
[Date "2020.06.02"]
[Round "3"]
[White "kasparicy"]
[Black "TST2014"]
[Result "0-1"]
[WhiteElo "2216"]
[BlackElo "2501"]
[TimeControl "180+1"]
[EndTime "10:28:37 PDT"]
[Termination "TST2014 won by resignation"]

1. e4 c5 2. Nf3 Nc6 3. d4 cxd4 4. Nxd4 Nf6 5. Nc3 d6 6. Be3 e5 7. Nb3 Be7 8. Be2 O-O 9. O-O a5 10. a4 Nb4 11. f4 Be6 12. Kh1 Qc7 13. Rc1 Rfd8 14.
Qe1 Nxc2 15. Rxc2 Bxb3 16. Rd2 Rac8 17. Qg3 Bc4 18. Bxc4 Qxc4 19. fxe5 dxe5 20. Rxd8+ Rxd8 21. Kg1 Nxe4 22. Qxe5 Nxc3 23. Qxe7 Ne2+ 24. Kh1 Ng3+ 25. hxg3 Qxf1+ 26. Kh2 Qd3 27. Bb6 Ra8 28. Qxb7 Qa6 29.
Qc7 h6 30. Bd4 Qg6 31. Bc3 Qh5+ 32. Kg1 Qd5 33. Kh2 h5 34. Qf4 Re8 35. Qc7 Re2 36. Qc8+ Kh7 37. Qh3 Kh6 38. b4 g5 39. bxa5 g4 0-1

[Event "*** SCC Grand Prix: Titled Tuesday Blitz"]
[Site "Chess.com"]
[Date "2020.06.02"]
[Round "3"]
[White "Man-Chuk"]
[Black "731291"]
[Result "1-0"]
[WhiteElo "2773"]
[BlackElo "2578"]
[TimeControl "180+1"]
[EndTime "10:28:38 PDT"]
[Termination "Man-Chuk won on time"]

1. d4 Nf6 2. c4 e6 3. Nf3 b6 4. g3 Bb7 5. Bg2 Be7 6. O-O O-O 7.
Re1 Na6 8. a3 d5 9. cxd5 exd5 10. b4 c6 11. Nc3 Nc7 12. Qb3 Ne6 13. Rd1 a5 14. Bf4 Nxf4 15. gxf4 axb4 16. axb4 Qd6 17. b5 Qxf4 18. bxc6 Bxc6 19. Qxb6 Bd7 20. e3 Qh6 21. Rxa8 Rxa8 22. Ne5 Be6 23. Ne2 Qg5 24. Nf4 Bf5 25. Qb7 Re8 26. Nxd5 Nxd5 27. Qxd5 Be6 28.
Qf3 f6 29. Qc6 Bf7 30. h4 Qxh4 31. Bd5 Qg5+ 32. Kf1 Bxd5 33. Qxd5+ 1-0

[Event "*** SCC Grand Prix: Titled Tuesday Blitz"]
[Site "Chess.com"]
[Date "2020.06.02"]
[Round "3"]
[White "Gerasimenyuk_Miha"]
[Black "grandcoach"]
[Result "1-0"]
[WhiteElo "2359"]
[BlackElo "2089"]
[TimeControl "180+1"]
[EndTime "10:28:38 PDT"]
[Termination "Gerasimenyuk_Miha won on time"]

1. d4 Nf6 2. Nf3 d5 3. Bg5 Nbd7 4. e3 e6 5. Nbd2 Be7 6. Bd3 c5 7. c3 b6 8. Qe2 Bb7 9. h4 h6 10. Bxf6 Bxf6 11. g4 Qc7 12. Bb5 a6 13. Bxd7+ Qxd7 14. O-O-O cxd4 15. exd4 Rc8 16. Kb1 Bc6 17. g5 Be7 18. Ne5 Qb7 19. g6 fxg6 20. Nxg6 Bb5 21. Qxe6 Bd3+ 22. Ka1 Rc6 23. Qxe7+ Qxe7 24. Nxe7 Kxe7 25.
Nf3 Be4 26. Rde1 Rf6 27. Ne5 Kd6 28. Rhg1 g6 29. f3 Bf5 30. a4 Rg8 31. h5 g5 32.
Ka2 Bd7 33. Ka3 Be8 34. Ng4 Rxf3 35. Nxh6 Rh8 36. Ng4 Bxh5 37. Ne5 Rf5 38. Rh1 1-0

[Event "*** SCC Grand Prix: Titled Tuesday Blitz"]
[Site "Chess.com"]
[Date "2020.06.02"]
[Round "3"]
[White "FlightsOfFancy"]
[Black "AlanZhang"]
[Result "1-0"]
[WhiteElo "1835"]
[BlackElo "2228"]
[TimeControl "180+1"]
[EndTime "10:28:38 PDT"]
[Termination "FlightsOfFancy won on time"]

1. e4 e5 2. Nf3 Nc6 3. Bb5 a6 4. Ba4 Nf6 5. O-O Be7 6. Re1 b5 7.
Bb3 d6 8. c3 O-O 9. h3 Na5 10.
Bc2 c5 11. d4 cxd4 12. cxd4 Qc7 13. Nbd2 Nc6 14. Nb3 a5 15. a4 Nb4 16. Bb1 bxa4 17. Rxa4 Bd7 18. Ra1 a4 19. Nbd2 Rfc8 20. Nf1 Bb5 21. Bd2 Nc2 22. Bxc2 Qxc2 23. dxe5 dxe5 24. Bc3 Bd3 25. Ng3 Nxe4 26. Nxe4 Bxe4 27. Qxc2 Bxc2 28.
Nxe5 Bf6 29. f4 a3 30. Rac1 1-0